 Dungeon Crawl Stone Soup version 0.32-a0-738-g1a05c61809 (webtiles) character file.

Game seed: 6975230130592685647

255 Descartes the Chopper (level 5, -2/45 HPs)
             Began as a Mountain Dwarf Chaos Knight on Mar 17, 2024.
             Was a Plaything of Xom.
             Slain by Crazy Yiuf
             ... wielding a +4 quarterstaff of chaos
              (3 damage)
             ... on level 2 of the Dungeon.
             The game lasted 00:02:28 (1470 turns).

Descartes the Chopper (Mountain Dwarf Chaos Knight) Turns: 1470, Time: 00:02:29

Health: -2/45      AC:  6    Str: 17    XL:     5   Next: 91%
Magic:  5/5        EV: 10    Int: 12    God:    Xom [.*....]
Gold:   132        SH:  0    Dex: 14    Spells: 4/4 levels left

rFire   + + .        k - +1 hand axe of Malum In Se {chaos, rF++ rCorr Dex+5}
rCold   . . .        (no shield)
rNeg    + . .        m - +2 leather armour "Xiag" {rN+ rCorr}
rPois   .            (no helmet)
rElec   .            (no cloak)
rCorr   +            (no gloves)
SInv    .            l - +0 pair of boots
Will    .....        (no amulet)
Stlth   +            (no ring)
HPRegen 0.27/turn    (no ring)
MPRegen 0.09/turn

%: no passive effects
@: no status effects
A: runic magic, artefact enchanting
a: Renounce Religion


You were on level 2 of the Dungeon.
You worshipped Xom.
You were a plaything of Xom.
You visited 1 branch of the dungeon, and saw 2 of its levels.

You collected 132 gold pieces.

Inventory:

Hand Weapons
 a - a +0 hand axe of chaos
 k - the +1 hand axe of Malum In Se (weapon) {chaos, rF++ rCorr Dex+5}
   (You found it on level 2 of the Dungeon)

   Dex+5:     It affects your dexterity (+5).
   rF++:      It greatly protects you from fire.
   rCorr:     It protects you from acid and corrosion.
Armour
 b - a +2 leather armour
 l - a +0 pair of boots (worn)
 m - the +2 leather armour "Xiag" (worn) {rN+ rCorr}
   (You found it on level 2 of the Dungeon)

   rN+:       It protects you from negative energy.
   rCorr:     It protects you from acid and corrosion.
Scrolls
 c - 2 scrolls of butterflies
 f - a scroll of fog {unknown}
 i - a scroll of noise
Potions
 d - 2 potions of magic {unknown}
 e - 2 potions of invisibility {unknown}
 g - a potion of brilliance {unknown}
 h - 2 potions of heal wounds {unknown}
 j - a potion of degeneration {unknown}
 n - a potion of ambrosia {unknown}


   Skills:
 - Level 3.2 Fighting
 + Level 6.2 Axes
 + Level 5.1 Armour
 - Level 0.6 Dodging


You had 4 spell levels left.
You didn't know any spells.
Your spell library contained the following spells:

 Spells                   Type           Power      Damage    Failure   Level
 Freeze                   Ice            0%         1d3       34%         1
 Frozen Ramparts          Ice            0%         1d1       71%         3
 Hailstorm                Conj/Ice       0%         3d5       71%         3


Dungeon Overview and Level Annotations

Branches:
Dungeon (2/15)

Altars:
Nemelex Xobeh

Annotations:
D:2 Crazy Yiuf


Innate Abilities, Weirdness & Mutations

Your spellcasting is much less encumbered by armour.
You can use scrolls of enchantment on lesser artefacts.


Message History

No target in view!
No target in view!
No target in view!
There is an open door here.
There is an open door here.
There is an open door here.
There is a stone staircase leading down here.
You see here a +0 ring mail.
There is an open door here.
There is an open door here.
You see here 2 stones.
Crazy Yiuf shouts!
Crazy Yiuf says, "Defame alas spinner!"
Crazy Yiuf heaves a sigh in contemplation.
You open the door. You hit Crazy Yiuf.
Crazy Yiuf is lightly wounded.
Crazy Yiuf says, "Hah forty-two hog!"
Crazy Yiuf hits you with a +4 quarterstaff of chaos!
You barely miss Crazy Yiuf.
Crazy Yiuf is lightly wounded.
Crazy Yiuf closely misses you.
You completely miss Crazy Yiuf.
Crazy Yiuf is lightly wounded.
Crazy Yiuf barely misses you.
You hit Crazy Yiuf.
Crazy Yiuf seems to speed up.
Crazy Yiuf is lightly wounded.
Crazy Yiuf hits you with a +4 quarterstaff of chaos.
Crazy Yiuf freezes you. Crazy Yiuf misses you.
Unknown command.
You hit Crazy Yiuf. You freeze Crazy Yiuf.
Crazy Yiuf is moderately wounded.
Crazy Yiuf hits you with a +4 quarterstaff of chaos!
You hit Crazy Yiuf.
Crazy Yiuf seems to grow stronger.
Crazy Yiuf is moderately wounded.
Crazy Yiuf hits you with a +4 quarterstaff of chaos!!
* * * LOW HITPOINT WARNING * * *
Crazy Yiuf burns you.
You die...
Xom snickers!

#......####....###
#......# ##..##
######## ♣....♣
♣♣...♣ ♣♣.♣♣ ♣♣.♣
♣.♣♣ ♣♣.♣ ♣@♣♣ #g#
... #...# #)..#
#####


You could see Crazy Yiuf (fast, strong).

Vanquished Creatures
  Sigmund (D:2)
  Jessica (D:2)
  2 adders (D:2)
  A dart slug (D:1)
  7 bats
  2 endoplasms (D:1)
  A giant cockroach (D:1)
  3 goblins
  3 hobgoblins
  3 jackals (D:1)
  4 quokkas
  3 ball pythons (D:1)
  A frilled lizard (D:1)
  8 kobolds
  2 rats (D:2)
42 creatures vanquished.

Vanquished Creatures (others)
  A rat (D:1)
1 creature vanquished.

Grand Total: 43 creatures vanquished

Notes
Turn   | Place    | Note
-------+----------+-------------------------------------------
     0 | D:1      | Descartes the Mountain Dwarf Chaos Knight began the quest
                  | for the Orb.
     0 | D:1      | Reached XP level 1. HP: 19/19 MP: 1/1
   172 | D:1      | XOM: silly message
   211 | D:1      | Reached skill level 4 in Axes
   211 | D:1      | Reached XP level 2. HP: 26/26 MP: 2/2
   424 | D:1      | Found a faded altar of an unknown god.
   514 | D:1      | Reached XP level 3. HP: 31/31 MP: 3/3
   621 | D:1      | XOM: silly message
   637 | D:2      | Noticed Sigmund
   643 | D:2      | XOM: enchant monster (bad)
   648 | D:2      | XOM: noise
   655 | D:2      | Killed Sigmund
   656 | D:2      | Reached skill level 5 in Axes
   656 | D:2      | Reached XP level 4. HP: 6/38 MP: 4/4
   656 | D:2      | Reached XP level 5. HP: 8/45 MP: 5/5
   818 | D:2      | Found a runed translucent door.
   819 | D:2      | Noticed Crazy Yiuf
   912 | D:2      | Identified the +1 hand axe of Malum In Se {chaos, rF++
                  | rCorr Dex+5}
   974 | D:2      | Reached skill level 6 in Axes
  1037 | D:2      | Found a sparkling altar of Nemelex Xobeh.
  1108 | D:2      | Noticed Jessica
  1122 | D:2      | XOM: enchant monster (bad)
  1125 | D:2      | Killed Jessica
  1126 | D:2      | Reached skill level 5 in Armour
  1142 | D:2      | Identified the +1 leather armour "Xiag" {rN+ rCorr}
  1219 | D:2      | XOM: 6-stop teleportation journey
  1470 | D:2      | HP: 1/45 [Crazy Yiuf/+4 quarterstaff of chaos (21)]
  1470 | D:2      | Slain by Crazy Yiuf

Illustrated notes

Levels and vault maps discovered:
D:1:      minmay_arrival_stone_box, layout_basic,
          chequers_ecumenical_altar_simple, chequers_serial_rivers_marsh
D:2:      layout_basic, basic_altar, uniq_jessica, uniq_crazy_yiuf_cottage,
          uniq_sigmund

Skill      XL: |  1  2  3  4  5 |
---------------+----------------+-----
Axes           | 4 5 6 |  6.2
Armour         | 3 4 5 |  5.1
Fighting       | |  3.2
Dodging        | |  0.6

Action                     |  1- 3 |  4- 6 || total
---------------------------+-------+-------++-------
  Melee: Hand axe          |    93 |    56 ||   149
    Use: Scroll            |       |     2 ||     2
   Stab: Sleeping          |       |     2 ||     2
 Armour: Leather armour    |    65 |    37 ||   102
  Dodge: Dodged            |    51 |    35 ||    86

Table legend: (Time is in decaauts)
 A = Elapsed time spent in this place.
 B = Non-inter-level travel time spent in this place.
 C = Inter-level travel time spent in this place.
 D = Time resting spent in this place.
 E = Time spent auto-exploring this place.
 F = Levels seen in this place.
 G = Mean time per level.
                   A        B        C        D        E       F      G
               +--------+--------+--------+--------+--------+-----+--------+
         Total |   1483 |   1442 |     41 |      0 |   1110 |   2 |  741.5 |
       Dungeon |   1483 |   1442 |     41 |      0 |   1110 |   2 |  741.5 |
               +--------+--------+--------+--------+--------+-----+--------+

Top non-repeatable levels by time:
     D:2: 833 daAuts
     D:1: 649 daAuts
